 Dungeon Crawl Stone Soup version 0.25.0-1-g7eea58d2a3 (webtiles) character file.

Game seed: 8585278841066773782

621 Delamore the Basher (level 7, -1/41 HPs)
             Began as a Gargoyle Fighter on June 13, 2020.
             Slain by a gnoll (4 damage)
             ... on level 5 of the Dungeon.
             The game lasted 00:04:01 (3412 turns).

Delamore the Basher (Gargoyle Fighter)              Turns: 3412, Time: 00:04:02

Health: -1/41      AC: 16    Str: 21    XL:     7   Next: 46%
Magic:  7/7        EV:  9    Int:  9    God:
Gold:   431        SH:  4    Dex:  9    Spells: 6/6 levels left

rFire    . . .     SeeInvis .   a - +0 flail
rCold    . . .     Gourm    .   p - +0 buckler
rNeg     + . .     Faith    .   b - +0 scale mail
rPois    ∞         Spirit   .   (no helmet)
rElec    +         Reflect  .   (no cloak)
rCorr    .         Harm     .   x - +0 pair of gloves
MR       .....                  (no boots)
Stlth    ..........             (no amulet)
HPRegen  0.13/turn              i - +4 ring of protection
MPRegen  0.10/turn              (no ring)

@: no status effects
A: negative energy resistance 1, electricity resistance, unbreathing,
petrification resistance, rot immunity, AC +4
a: no special abilities


You were on level 5 of the Dungeon.
You were not hungry.

You visited 1 branch of the dungeon, and saw 5 of its levels.

You collected 431 gold pieces.

Inventory:

Hand Weapons
 a - a +0 flail (weapon)
Missiles
 s - 4 curare-tipped darts (quivered)
Armour
 b - a +0 scale mail (worn)
 c - a +0 kite shield
 p - a +0 buckler (worn)
 x - a +0 pair of gloves (worn)
Jewellery
 i - a +4 ring of protection (left hand)
 l - an uncursed ring of ice
Wands
 u - a wand of flame (25)
Scrolls
 e - 2 scrolls of fear {unknown}
 g - 10 scrolls of identify {unknown}
 k - 2 scrolls of remove curse {unknown}
 m - a scroll of noise {unknown}
 n - a scroll of enchant weapon {unknown}
 t - 2 scrolls of amnesia {unknown}
 v - a scroll of teleportation {unknown}
Potions
 d - a potion of might
 h - 5 potions of curing {unknown}
 j - a potion of haste {unknown}
 o - a potion of lignification {unknown}
 q - 2 potions of brilliance {unknown}
 r - a potion of ambrosia {unknown}
 w - a potion of mutation {unknown}
 A - 2 potions of stabbing {unknown}
Comestibles
 f - 5 rations
 z - a chunk of flesh


   Skills:
 - Level 3.2 Fighting
 + Level 8.1 Maces & Flails
 - Level 3.2 Armour
 - Level 3.2 Shields


You had 6 spell levels left.
You didn't know any spells.
Your spell library contained the following spells:

 Spells                   Type           Power        Failure   Level  Hunger
 Freeze                   Ice            #...         77%         1    ##.....
 Frozen Ramparts          Ice            #.....       98%         3    ####...
 Ozocubu's Armour         Chrm/Ice       #.......     98%         3    ####...
 Hailstorm                Conj/Ice       #.......     100%        4    #####..
 Summon Ice Beast         Ice/Summ       #.......     100%        4    #####..


Dungeon Overview and Level Annotations

Branches:
Dungeon (5/15)
 Temple: D:4-7

Altars:
Cheibriados
Dithmenos
Vehumet

Shops:
D:4 }


Innate Abilities, Weirdness & Mutations

You are resistant to torment.
Your stone body is resilient. (AC +4)
You are immune to poison.
You resist negative energy. (rN+)
You are resistant to electric shocks. (rElec)
You can survive without breathing.
You are immune to petrification.
You are immune to rotting.


Message History

You see here a throwing net.
You struggle against the net.
The gnoll hits you but does no damage. The iguana bites you.
You struggle against the net.
The gnoll hits you but does no damage. The iguana bites you.
You struggle against the net.
The gnoll hits you but does no damage. x2
The iguana bites you.
* * * LOW HITPOINT WARNING * * *
You rip the net and break free!
The gnoll hits you from afar with a +0 halberd.
* * * LOW HITPOINT WARNING * * *
The iguana bites you.
* * * LOW HITPOINT WARNING * * *
The gnoll sergeant closely misses you. The shadow imp spits at you.
The gnoll hits you but does no damage.
There is a stone staircase leading down here.
The shadow imp spits at you. The iguana misses you. The gnoll hits you.
You die...

#.....# #........
#.....# #........
#.....# #........
#.....# #........
#.....#####........
#....5.............
#..................
#..gg..............
#.@lgg.........####
#####..........#
#.(........#
#..........#
##..........#
#...........#
#<..........#
#...######### #...#


You could see a gnoll sergeant, an iguana, 3 gnolls and a shadow imp.

Vanquished Creatures
  A phantom (D:4)
  A howler monkey (D:4)
  2 crimson imps (D:5)
  A hound (D:4)
  2 orc priests
  A centaur skeleton (D:5)
  2 orc wizards
  2 worker ants (D:5)
  5 adders
  A gnoll (D:5)
  3 oozes
  4 worms (D:2)
  4 dart slugs
  A leopard gecko (D:2)
  21 orcs
  A ball python (D:3)
  5 giant cockroaches
  8 goblins
  13 hobgoblins
  7 jackals (D:1)
  A quokka (D:2)
  9 bats
  11 frilled lizards
  5 kobolds
  A leopard gecko zombie (D:5)
  5 rats (D:1)
117 creatures vanquished.

Notes
Turn   | Place    | Note
-------+----------+-------------------------------------------
     0 | D:1      | Delamore the Gargoyle Fighter began the quest for the Orb.
     0 | D:1      | Reached XP level 1. HP: 14/14 MP: 1/1
    95 | D:1      | Reached XP level 2. HP: 15/19 MP: 2/2
   204 | D:1      | Reached skill level 3 in Maces & Flails
   333 | D:1      | Reached XP level 3. HP: 23/23 MP: 3/3
   868 | D:2      | Reached skill level 4 in Maces & Flails
   901 | D:2      | Reached XP level 4. HP: 28/28 MP: 4/4
  1605 | D:2      | Found a radiant altar of Vehumet.
  1814 | D:3      | Reached skill level 5 in Maces & Flails
  1834 | D:3      | Reached XP level 5. HP: 32/32 MP: 5/5
  1835 | D:3      | Found a snail-covered altar of Cheibriados.
  1953 | D:3      | Found a shadowy altar of Dithmenos.
  2446 | D:4      | Noticed a phantom
  2470 | D:4      | Killed a phantom
  2470 | D:4      | Reached skill level 6 in Maces & Flails
  2470 | D:4      | Reached XP level 6. HP: 27/37 MP: 6/6
  2700 | D:4      | Reached skill level 7 in Maces & Flails
  3043 | D:4      | Reached XP level 7. HP: 41/41 MP: 7/7
  3048 | D:4      | Found Xeosk's Gadget Shop.
  3202 | D:5      | Entered Level 5 of the Dungeon
  3379 | D:5      | Reached skill level 8 in Maces & Flails
  3404 | D:5      | HP: 2/41 [iguana (6)]
  3412 | D:5      | Slain by a gnoll

Illustrated notes

Levels and vault maps discovered:
D:1:      roderic_crossed_star, layout_loops_ring
D:2:      layout_rooms, vehumet_crystals, minivault_4, minmay_goblin_outpost
D:3:      layout_rooms, old_standard_altar, kennysheep_slug_shrine
D:4:      layout_cave_pools, serial_shops, nicolae_shop_waterfront
D:5:      layout_basic, first_ration, uniq_menkaure, uniq_sigmund

Skill      XL: |  1  2  3  4  5  6  7 |
---------------+----------------------+-----
Maces & Flails | 3 4 5 6 7 8 |  8.1
Fighting       | |  3.2
Armour         | |  3.2
Shields        | |  3.2

Action                   |  1- 3 |  4- 6 |  7- 9 || total
-------------------------+-------+-------+-------++-------
Melee: Flail             |   121 |   335 |    55 ||   511
  Eat: Chunk             |       |     8 |     1 ||     9
Armor: Scale mail        |    78 |   250 |    45 ||   373
Dodge: Dodged            |    46 |   172 |    33 ||   251
Block: Kite shield       |    64 |   103 |       ||   167
       Buckler           |       |    55 |    12 ||    67
